AoeStats
← sug0ma

Glade

510577831Analyzed
1v1 RM · 18h ago on Oct 1, 2026· 39m 51s· 2 players
Game mode
Random Map
Map size
Tiny (2 player)
Population
200
Speed
Normal
Resources
Standard
Victory
Conquest
Starting age
Dark Age
Ending age
Imperial Age
RankedLock teamsTeams togetherTeam positionsShared explorationLock speedFull tech treeHidden civsTurbo modeCheats
Victory
Defeat
🇦🇷 Vikings · Argentina
1168
+13
🇦🇷 Vikings · Argentina
1104
-13
sug0ma
8:23 Loom
10:18 Feudal Age
11:59 Double-Bit Axe
12:37 Man-at-Arms
22:42 Castle Age
24:58 Scale Mail Armor
25:09 Forging
26:15 Chain Mail Armor
25:53 Horse Collar
26:58 Bow Saw
30:40 Iron Casting
34:51 Imperial Age
38:09 Blast Furnace
37:40 Plate Mail Armor
37:38 Capped Ram
38:31 Onager
DrRexCup
7:18 Loom
10:05 Feudal Age
10:11 Man-at-Arms
13:18 Fletching
20:25 Castle Age
18:46 Double-Bit Axe
19:10 Horse Collar
20:35 Scale Barding Armor
22:30 Bow Saw
25:46 Crossbowman
27:35 Town Watch
30:00 Ballistics
31:23 Bodkin Arrow
31:51 Heavy Plow
36:03 Imperial Age
35:40 Padded Archer Armor
36:02 Stone Mining
36:17 Arbalester
38:18 Masonry
40:22 Bracer
40:39 Leather Archer Armor
40:24 Scale Mail Armor
40:35 Forging
Connection lost

Rejoining the realm…

Still unreachable

The connection could not be restored.

Session expired

The server has moved on; the page needs a fresh start.